AoeStats
← audi_225

Coastal Forest

503434694Analyzed
2v2 RM · 1mo ago on Aug 31, 2026· 38m 53s· 4 players
Game mode
Random Map
Map size
Medium (4 player)
Population
200
Speed
Normal
Resources
Standard
Victory
Conquest
Starting age
Dark Age
Ending age
Imperial Age
RankedLock teamsTeams togetherTeam positionsShared explorationLock speedFull tech treeHidden civsTurbo modeCheats
Victory
Defeat
🇺🇦 Dravidians · Ukraine
1482
+12
🇪🇸 Persians · Spain
1384
+17
🇩🇪 Britons · Germany
1412
-15
🇩🇪 Sicilians · Germany
1392
-14
[Mosel] Kampfschwein
6:44 Loom
9:20 Feudal Age
9:50 Double-Bit Axe
13:38 Horse Collar
14:47 Town Watch
21:25 Castle Age
20:00 Stone Mining
23:48 Fletching
29:08 Wheelbarrow
30:14 Pikeman
34:47 Imperial Age
33:07 Gold Mining
36:28 Hand Cart
36:40 Bodkin Arrow
37:25 Halberdier
[Mosel] Raging
7:18 Loom
9:22 Feudal Age
11:32 Gold Mining
11:29 Double-Bit Axe
13:06 Fletching
20:37 Padded Archer Armor
28:14 Castle Age
28:28 Elite Skirmisher
29:23 Bodkin Arrow
audi_225
6:18 Loom
6:20 Loom
9:04 Feudal Age
10:35 Double-Bit Axe
11:16 Fletching
20:44 Castle Age
19:34 Padded Archer Armor
20:38 Gold Mining
21:20 Bodkin Arrow
21:08 Crossbowman
24:03 Ballistics
24:39 Wheelbarrow
24:15 Bow Saw
35:35 Imperial Age
33:18 Town Watch
34:48 Hand Cart
37:24 Chemistry
36:56 Bracer
37:14 Arbalester
ryzenvelos
6:43 Loom
10:06 Feudal Age
13:37 Double-Bit Axe
19:10 Castle Age
18:02 Gold Mining
18:00 Horse Collar
31:23 Bloodlines
33:32 Scale Barding Armor
37:24 Wheelbarrow
37:09 Bow Saw
38:16 Chain Barding Armor
39:00 Hand Cart
Connection lost

Rejoining the realm…

Still unreachable

The connection could not be restored.

Session expired

The server has moved on; the page needs a fresh start.